 Dungeon Crawl Stone Soup version 0.29.0-4-gdea44cf6ec (webtiles) character file.

Game seed: 8268807601218046965

13 qw the Chopper (level 2, 0/17 HPs)
             Began as a Tengu Warper on Aug 28, 2022.
             Succumbed to an adder's poison
             ... on level 2 of the Dungeon.
             The game lasted 00:00:00 (234 turns).

qw the Chopper (Tengu Warper)                        Turns: 234, Time: 00:00:01

Health: 0/17       AC:  3    Str: 11    XL:     2   Next: 37%
Magic:  6/6        EV: 11    Int: 13    God:
Gold:   14         SH:  0    Dex: 13    Spells: 5/5 levels left

rFire   . . .      SeeInvis .   a - +0 hand axe
rCold   . . .      Faith    .   (no shield)
rNeg    . . .      Spirit   .   b - +0 leather armour
rPois   .          Reflect  .   (helmet restricted)
rElec   .          Harm     .   (no cloak)
rCorr   .          Rampage  .   (no gloves)
Will    .....                   (boots unavailable)
Stlth   +.........              (no amulet)
HPRegen 0.05/turn               (no ring)
MPRegen 0.10/turn               (no ring)

@: lethally poisoned (0 -> -2)
A: beak, talons 3
a: no special abilities


You were on level 2 of the Dungeon.
You visited 1 branch of the dungeon, and saw 2 of its levels.

You collected 14 gold pieces.


Innate Abilities, Weirdness & Mutations

You have a beak for a mouth.
You have claws for feet.


   Skills:
 - Level 2.0 Fighting
 + Level 3.3 Axes
 - Level 1.0 Throwing
 - Level 1.1 Armour
 - Level 2.1 Dodging
 - Level 2.0 Spellcasting
 - Level 2.4 Translocations


You had 5 spell levels left.
You didn't know any spells.
Your spell library contained the following spells:

 Spells                   Type           Power      Damage    Failure   Level
 Blink                    Tloc           14%        N/A       19%         2
 Gell's Gravitas          Tloc           7%         N/A       36%         3
 Lesser Beckoning         Tloc           7%         N/A       36%         3
 Teleport Other           Tloc           7%         N/A       36%         3
 Manifold Assault         Tloc           7%         N/A       98%         5

Inventory:

Hand Weapons
 a - a +0 hand axe (weapon)
Missiles
 f - 6 boomerangs (quivered)
Armour
 b - a +0 leather armour (worn)
Scrolls
 c - a scroll of blinking
 g - a scroll of teleportation {unknown}
 h - a scroll of summoning {unknown}
Potions
 e - a potion of haste {unknown}
 i - a potion of mutation {unknown}

Dungeon Overview and Level Annotations

Branches:
Dungeon (2/15)

Altars:


Message History

You feel a bit more experienced.
An adder comes into view.
Throw: 3 boomerangs (disperse)
Press: ? - help, Q - select action, (/) - cycle Shift-Dir - straight line, f - ball python You throw a boomerang of dispersal.
The adder hisses angrily.
The boomerang of dispersal hits the ball python.
The ball python blinks!
You kill the ball python!
Throw: 2 boomerangs (disperse)
Press: ? - help, Q - select action, (/) - cycle Shift-Dir - straight line, f - adder You throw a boomerang of dispersal.
The boomerang of dispersal barely misses the adder.
Throw: boomerang (disperse)
Press: ? - help, Q - select action, (/) - cycle Shift-Dir - straight line, f/p - adder You throw a boomerang of dispersal.
The boomerang of dispersal barely misses the adder.
The boomerang of dispersal hits the adder.
The adder blinks!
You miss the adder. The adder bites you. The adder closely misses you.
You barely miss the adder. Your peck misses the adder. The adder bites you.
You are lethally poisoned!
The adder poisons you!
You barely miss the adder. You peck the adder.
The adder is heavily wounded.
You feel sick. The adder closely misses you. x2
You slash the adder!
You kill the adder!
You feel sick.
Your Axes skill increases to level 3!
You have reached level 2!
Throw: 6 boomerangs
Press: ? - help, Q - select action Shift-Dir - straight line, f - adder You throw a boomerang.
The boomerang closely misses the adder.
You feel sick.
Throw: 6 boomerangs
Press: ? - help, Q - select action Shift-Dir - straight line, f/p - adder You throw a boomerang.
The boomerang barely misses the adder.
You die...

..#######.######.# #.#
...............#.##########.#
######....##.##...........#.#
.......#####.##..........().#
#####..# #.##...........###
..#..# #.##.......#####
#.#..# #.########## #.#..#
#.#########
###.#..#####....@....#
.....................S..
......######........?...
.####.# #.........#.. #
#.######%....(...# # #
#........>........# #
#######.########### #
#.........# # #.........#


You could see an adder.

Vanquished Creatures
  An adder (D:2)
  A kobold (D:2)
  A ball python (D:2)
  A bat (D:2)
  A rat (D:2)
5 creatures vanquished.

Notes
Turn   | Place    | Note
-------+----------+-------------------------------------------
     0 | D:1      | qw the Tengu Warper began the quest for the Orb.
     0 | D:1      | Reached XP level 1. HP: 12/12 MP: 4/4
     0 | D:1      | 0 ||| qw: Version: 0.1-a-89-g26bdef1
     0 | D:1      | 0 ||| qw: Game counter: 2877
     0 | D:1      | 0 ||| qw: Always use a shield: true
     0 | D:1      | 0 ||| qw: God list: Okawaru
     0 | D:1      | 0 ||| qw: Allow faded altars: false
     0 | D:1      | 0 ||| qw: Do Orc after D:15 true
     0 | D:1      | 0 ||| qw: Do second Lair branch before Depths: true
     0 | D:1      | 0 ||| qw: Lair rune preference: random
     0 | D:1      | 0 ||| qw: Plans: Normal
     0 | D:1      | 0 ||| PLANNING D:1-11
    49 | D:1      | You fall into a shaft and drop 1 floor!
   231 | D:2      | HP: 3/12 [poisoned by an adder]
   233 | D:2      | Reached skill level 3 in Axes
   233 | D:2      | Reached XP level 2. HP: 3/17 MP: 6/6
   234 | D:2      | Succumbed to an adder's poison

Levels and vault maps discovered:
D:1:      dpeg_arrival_boxes_within_box, layout_rooms,
          dreamdust_ecumenical_altar_drowned_temple
D:2:      layout_basic, minmay_shallow_snake_nest

Skill      XL: |  1 |
---------------+----+-----
Axes           | 3 |  3.3
Fighting       | |  2.0
Throwing       | |  1.0
Armour         | |  1.1
Dodging        | |  2.1
Spellcasting   | |  2.0
Translocations | |  2.4

Action                   || total
-------------------------++-------
Melee: Hand axe          ||     9
       Kick              ||     1
       Peck              ||     1
Throw: Boomerang         ||     9
Armor: Leather armour    ||     1
Dodge: Dodged            ||     4

Table legend:
 A = Non-vault XP
 B = Vault XP
 C = Vault XP percentage of total XP
 D = Non-vault monster count
 E = Vault monster count
 F = Vault count percentage of total count
                 A         B        C        D         E       F
            +---------+---------+-------+---------+---------+-------
      Total |       4 |      15 |  78.9 |       3 |       2 |  40.0
            +---------+---------+-------+---------+---------+-------
        D:2 |       4 |      15 |  78.9 |       3 |       2 |  40.0
            +---------+---------+-------+---------+---------+-------
